 Dungeon Crawl Stone Soup version 0.18.1-48-g4cf74bf (webtiles) character file.

3278 Peloso the Blocker (level 9, -1/80 HPs)
             Began as a Minotaur Fighter on Aug 12, 2016.
             Was a Believer of Okawaru.
             Slain by Drashi's ghost (5 damage)
             ... on level 8 of the Dungeon.
             The game lasted 00:20:01 (7614 turns).

Peloso the Blocker (Minotaur Fighter)               Turns: 7614, Time: 00:20:02

Health: -1/80      AC: 15    Str: 22    XL:     9   Next: 69%
Magic:  8/8        EV:  4    Int:  5    God:    Okawaru [**....]
Gold:   439        SH: 10    Dex: 12    Spells: 0 memorised, 8 levels left

rFire  . . .     SeeInvis .     a - +1 long sword
rCold  . . .     Gourm    .     q - +0 plate armour
rNeg   . . .     Faith    .     c - +0 shield
rPois  .         Spirit   .     (helmet restricted)
rElec  .         Dismiss  .     y - +1 cloak
rCorr  .         Reflect  .     (no gloves)
SustAt .         Harm     .     l - +0 pair of boots
MR     .....                    h - amulet of magic regeneration
Stlth  ..........               (no ring)
                                i - ring of wizardry

@: very heavily drained, not resistant to hostile enchantments, extremely
unstealthy
A: retaliatory headbutt, horns 2
a: Heroism, Renounce Religion


You were on level 8 of the Dungeon.
You worshipped Okawaru.
Okawaru was pleased with you.
You were not hungry.

You visited 2 branches of the dungeon, and saw 9 of its levels.
You also visited: Sewer.

You collected 439 gold pieces.

Inventory:

Hand Weapons
 a - a +1 long sword (weapon)
Armour
 b - a +0 scale mail
 c - a +0 shield (worn)
 l - a +0 pair of boots (worn)
 q - a +0 plate armour (worn)
 y - a +1 cloak (worn)
Jewellery
 h - an amulet of magic regeneration (around neck)
 i - a ring of wizardry (left hand)
Wands
 o - a wand of iceblast (8/15)
 x - a wand of enslavement (11/24)
 D - a wand of confusion (21/48)
 E - a wand of lightning (7/15)
 H - a wand of paralysis (8/24)
Scrolls
 j - 2 scrolls of magic mapping
 t - 2 scrolls of recharging
 u - a scroll of blinking
 v - 2 scrolls of teleportation
 B - a scroll of fear
 G - a scroll of identify
Potions
 d - 5 potions of might
 e - 3 potions of mutation
 g - 4 potions of brilliance
 k - 5 potions of curing
 p - 3 potions of heal wounds
 r - a potion of haste {unknown}
 z - a potion of invisibility
 A - 2 potions of flight
 C - a potion of cancellation {unknown}
Books
 F - a book of Enchantments

   Spells                             Type                      Level
   a - Cause Fear                     Hexes                        4
   b - Yara's Violent Unravelling     Hexes/Transmutation          5
   c - Silence                        Hexes/Air                    5
   d - Deflect Missiles               Charms/Air                   6
   e - Haste                          Charms                       6
   f - Discord                        Hexes                        8
Comestibles
 f - 7 bread rations
 m - 2 meat rations
 n - 2 royal jellies
 s - a fruit
 w - 3 beef jerkies
 I - 4 chunks of flesh


   Skills:
 + Level 7.6(3.7) Fighting
 + Level 8.5(4.5) Long Blades
 + Level 8.5(4.4) Armour
 + Level 2.5(0.0) Dodging
 + Level 1.5(0.0) Stealth
 + Level 9.7(5.6) Shields
 + Level 0.8(0.0) Invocations


You had 8 spell levels left.
You didn't know any spells.

Dungeon Overview and Level Annotations

Branches:
Dungeon (8/15)             Temple (1/1) D:5
   Lair: D:8-11

Altars:
Ashenzari
Cheibriados
Dithmenos
Elyvilon
Fedhas
Gozag
Kikubaaqudgha
Makhleb
Nemelex Xobeh
Okawaru
Pakellas
Qazlal
Ru
Sif Muna
Trog
Vehumet
Xom
Yredelemnul
Zin
The Shining One

Shops:
D:7 *   D:8 [

Annotations:
D:8 Drashi's ghost, novice OgBe


Innate Abilities, Weirdness & Mutations

You reflexively headbutt those who attack you in melee.
You have a pair of horns on your head.


Message History

Drashi's ghost is almost destroyed.
You block Drashi's ghost's attack.
Unknown command.
You hit Drashi's ghost.
Drashi's ghost is almost destroyed.
You block Drashi's ghost's attack. Drashi's ghost hits you.
* * * LOW HITPOINT WARNING * * *
You feel drained.
Unknown command.
You hit Drashi's ghost but do no damage.
Drashi's ghost is almost destroyed.
Drashi's ghost hits you but does no damage.
You feel drained.
Unknown command.
You closely miss Drashi's ghost. Your headbutt misses Drashi's ghost.
Drashi's ghost is almost destroyed.
Drashi's ghost hits you!
* * * LOW HITPOINT WARNING * * *
You feel drained.
You die...

....PPP..# ..... ...........
#.......##...# ######..###
#........#.# ##..#
##.....W...# #...#
#...........####### #..##
...###.##.#........####..####
.. ......##.#####...†.......
. ###.#####W# ######..#### #.
#@# #..# #. #.# ...#
#..(........# ##.#
#######....?... .# #########
##


You could see Drashi's ghost.

Vanquished Creatures
  A wyvern (D:8)
  A spriggan (D:7)
  A hippogriff (D:8)
  Eustachio (D:7)
  Menkaure (D:6)
  A water moccasin (D:7)
  3 orc warriors
  A phantom (D:7)
  A black bear (D:4)
  Blork the orc (D:7)
  A big kobold (D:7)
  2 giant frogs (D:7)
  A gnoll sergeant (D:7)
  2 scorpions
  A howler monkey (D:4)
  2 wights (D:7)
  4 crimson imps
  A quasit (D:5)
  4 hounds
  4 jellies
  5 orc priests
  2 gnoll shamans
  Crazy Yiuf (D:6)
  6 orc wizards
  5 worker ants
  A hound skeleton (D:7)
  A howler monkey zombie (D:7)
  15 gnolls
  16 adders
  A howler monkey skeleton (D:5)
  3 river rats (Sewer)
  3 shadow imps
  An ooze (D:1)
  An adder skeleton (D:4)
  8 worms
  3 dart slugs
  7 giant geckos
  27 orcs
  6 giant cockroaches
  10 goblins
  8 hobgoblins
  5 jackals (D:1)
  10 kobolds
  3 quokkas
  2 ball pythons (Sewer)
  3 bats
  9 giant newts
  A jackal zombie (D:5)
  2 quokka skeletons
  18 rats
  A fungus (D:6)
218 creatures vanquished.

Notes
Turn   | Place    | Note
--------------------------------------------------------------
     0 | D:1      | Peloso the Minotaur Fighter began the quest for the Orb.
     0 | D:1      | Reached XP level 1. HP: 19/19 MP: 0/0
    41 | D:1      | Reached XP level 2. HP: 16/27 MP: 1/1
   132 | D:1      | Reached skill level 4 in Shields
   365 | D:1      | Reached XP level 3. HP: 27/33 MP: 2/2
  1261 | D:2      | Reached XP level 4. HP: 40/40 MP: 3/3
  1694 | D:3      | Reached skill level 1 in Dodging
  1820 | D:3      | Reached XP level 5. HP: 45/47 MP: 4/4
  1832 | D:3      | Reached skill level 5 in Shields
  2104 | D:3      | Found a glowing drain.
  2125 | Sewer    | Entered a sewer
  2576 | D:3      | Reached skill level 5 in Armour
  2783 | D:3      | Found a shimmering altar of Xom.
  2784 | D:3      | Found a burning altar of Makhleb.
  2791 | D:3      | Reached XP level 6. HP: 43/53 MP: 5/5
  3012 | D:4      | Reached skill level 6 in Shields
  3063 | D:4      | Reached skill level 5 in Long Blades
  3066 | D:4      | Noticed a moth of wrath
  3070 | D:4      | Found a bloodstained altar of Trog.
  3137 | D:4      | Found a basalt altar of Yredelemnul.
  3190 | D:4      | Found a white marble altar of Elyvilon.
  3235 | D:4      | Reached skill level 5 in Fighting
  3235 | D:4      | Reached XP level 7. HP: 61/61 MP: 6/6
  3431 | D:4      | Found a blossoming altar of Fedhas.
  3431 | D:4      | Found an oddly glowing altar of Pakellas.
  3432 | D:4      | Found a shattered altar of Ashenzari.
  3432 | D:4      | Found a deep blue altar of Sif Muna.
  3433 | D:4      | Found a glowing golden altar of the Shining One.
  3433 | D:4      | Found an opulent altar of Gozag.
  3434 | D:4      | Found a sacrificial altar of Ru.
  3768 | D:5      | Entered Level 5 of the Dungeon
  3959 | D:5      | Found a staircase to the Ecumenical Temple.
  3963 | Temple   | Entered the Ecumenical Temple
  4005 | Temple   | Became a worshipper of Warmaster Okawaru
  4116 | D:4      | HP: 3/61 [poisoned by a worker ant]
  4121 | D:4      | HP: 2/61 [poisoned by a worker ant]
  4128 | D:4      | HP: 1/61 [poisoned by a worker ant]
  4136 | D:4      | HP: 1/61 [poisoned by a worker ant]
  4565 | D:5      | Reached skill level 1 in Stealth
  4677 | D:5      | Reached skill level 7 in Shields
  4677 | D:5      | Reached XP level 8. HP: 61/69 MP: 7/7
  5039 | D:5      | Reached * piety under Okawaru
  5181 | D:6      | Found a shadowy altar of Dithmenos.
  5272 | D:6      | Noticed Menkaure
  5281 | D:6      | Killed Menkaure
  5404 | D:6      | Reached skill level 8 in Shields
  5980 | D:6      | Noticed Crazy Yiuf
  5985 | D:6      | Killed Crazy Yiuf
  6349 | D:7      | Found Oquemioh's Assorted Antiques.
  6376 | D:7      | Reached XP level 9. HP: 27/79 MP: 8/8
  6520 | D:7      | Reached ** piety under Okawaru
  6612 | D:7      | Noticed Eustachio
  6687 | D:7      | Killed Eustachio
  6687 | D:7      | Reached skill level 9 in Shields
  6866 | D:7      | Noticed Blork the orc
  6878 | D:7      | Paralysed by Blork the orc for 3 turns
  6882 | D:7      | Killed Blork the orc
  6909 | D:7      | Found a glowing silver altar of Zin.
  7568 | D:8      | Found Joaboc's Antique Armour Boutique.
  7572 | D:8      | Noticed Drashi's ghost (novice OgBe)
  7614 | D:8      | HP: 4/80 [Drashi's ghost (11)]
  7614 | D:8      | Slain by Drashi's ghost

Skill      XL: |  1  2  3  4  5  6  7  8  9 |
---------------+----------------------------+-----
Shields        | 4 5 6 7 8 9 |  9.7
Armour         | 4 5 6 7 8 |  8.5
Fighting       | 4 5 7 |  7.6
Long Blades    | 3 4 5 7 8 |  8.5
Dodging        | 1 2 |  2.5
Stealth        | 1 |  1.5
Invocations    | |  0.8

Action                   |  1- 3 |  4- 6 |  7- 9 || total
-------------------------+-------+-------+-------++-------
Melee: Long sword        |    87 |   213 |   484 ||   784
       Headbutt          |     7 |    30 |   103 ||   140
Invok: Heroism           |       |       |     5 ||     5
  Use: Scroll            |       |    12 |     6 ||    18
  Eat: Chunk             |     1 |     7 |    15 ||    23
Armor: Scale mail        |    33 |       |       ||    33
       Plate armour      |     2 |   109 |   245 ||   356
Dodge: Dodged            |    25 |    37 |    87 ||   149
Block: Shield            |    58 |   129 |   290 ||   477
